 Dungeon Crawl Stone Soup version 0.28.0-43-g3370ac3207 (webtiles) character file.

Game seed: 15224716351290931183

142 Zonian the Chiller (level 5, -1/35 HPs)
             Began as a Demonspawn Ice Elementalist on Mar 1, 2022.
             Was an Initiate of Gozag.
             Slain by a kobold
             ... wielding the +9 rapier "Jivofeer" {vorpal, Dex+4 Stlth+}
              (2 damage)
             ... in the Ecumenical Temple.
             The game lasted 00:06:30 (4792 turns).

Zonian the Chiller (Demonspawn Ice Elementalist)    Turns: 4792, Time: 00:06:31

Health: -1/35      AC:  3    Str:  8    XL:     5   Next: 4%
Magic:  9/9        EV: 13    Int: 23    God:    Gozag
Gold:   15         SH:  0    Dex: 15    Spells: 9/10 levels left

rFire   . . .      SeeInvis .   j - +3 short sword (speed)
rCold   . . .      Faith    .   (no shield)
rNeg    . . .      Spirit   .   a - +0 robe
rPois   .          Reflect  .   (no helmet)
rElec   .          Harm     .   (no cloak)
rCorr   .          Rampage  .   (no gloves)
Will    .....                   o - +1 pair of boots
Stlth   ++........              (no amulet)
HPRegen 0.11/turn               h - +6 ring of intelligence
MPRegen 0.11/turn               (no ring)

@: flying
A: claws 1, powered by death 1, deformed body
a: Renounce Religion, Potion Petition, Call Merchant, Bribe Branch


You were in the Ecumenical Temple.
You worshipped Gozag.
Gozag was noncommittal.
You visited 2 branches of the dungeon, and saw 6 of its levels.

You collected 68 gold pieces.
You paid 53 gold pieces to Gozag.

Inventory:

Hand Weapons
 b - a +0 trident of protection
 j - a +3 short sword of speed (weapon)
Armour
 a - a +0 robe (worn)
 o - a +1 pair of boots (worn)
Jewellery
 h - a +6 ring of intelligence (left claw)
 q - a ring of wizardry
Potions
 f - a potion of resistance
 l - a potion of cancellation {unknown}
 n - a potion of attraction {unknown}
 p - a potion of curing {unknown}
 r - a potion of heal wounds {unknown}


   Skills:
 + Level 2.7 Dodging
 + Level 2.9 Stealth
 + Level 3.0 Spellcasting
 + Level 4.2 Ice Magic


You had 9 spell levels left.
You knew the following spells:

 Your Spells              Type           Power      Damage    Failure   Level
a - Freeze                Ice            92%        1d10      1%          1

Your spell library contained the following spells:

 Spells                   Type           Power      Damage    Failure   Level
 Frozen Ramparts          Ice            46%        1d6       6%          3
 Ozocubu's Armour         Ice            23%        N/A       6%          3
 Hailstorm                Conj/Ice       13%        3d5       43%         4


Dungeon Overview and Level Annotations

Branches:
Dungeon (5/15)             Temple (1/1) D:4

Altars:
Ashenzari
Cheibriados
Dithmenos
Elyvilon
Fedhas
Gozag
Hepliaklqana
Kikubaaqudgha
Makhleb
Nemelex Xobeh
Okawaru
Qazlal
Ru
Sif Muna
Trog
Vehumet
Wu Jian
Xom
Zin
The Shining One


Innate Abilities, Weirdness & Mutations

You have sharp fingernails.
You regenerate a little health from kills.
Armour fits poorly on your strangely shaped body.


Message History

Done waiting.
Unknown command.
You can't go down here!
You climb upwards.
Welcome back to the Dungeon!
The gnoll shouts!
The kobold hits you with the +9 rapier "Jivofeer" {vorpal, Dex+4 Stlth+}.
The orc hits you with a +0 dagger.
There is a staircase to the Ecumenical Temple, spattered with blood here.
Unknown command.
The kobold hits you with the +9 rapier "Jivofeer" {vorpal, Dex+4 Stlth+}.
The orc priest looks encouraged for a moment.
You climb downwards.
Welcome back to the Ecumenical Temple!
There is a staircase back to the Dungeon here.
Unknown command.
You barely miss the orc. The kobold misses you. The orc closely misses you.
You hit the orc but do no damage.
The kobold hits you with the +9 rapier "Jivofeer" {vorpal, Dex+4 Stlth+}!
* * * LOW HITPOINT WARNING * * *
x2 The orc barely misses you.
You hit the orc.
The orc is moderately wounded.
Unknown command.
Casting: Freeze (safe; 1% risk of failure)
Confirm with . or Enter, or press ? or * to list all spells.
Okay, then.
Okay, then.
You aren't carrying any scrolls.
Unknown command.
Okay, then.
It was a potion of flight.
You feel very buoyant.
You fly up into the air.
The kobold closely misses you. The orc hits you with a +0 dagger.
* * * LOW HITPOINT WARNING * * *
It was a potion of mutation.
You feel extremely strange.
Your body twists and deforms.
The kobold hits you with the +9 rapier "Jivofeer" {vorpal, Dex+4 Stlth+}.
* * * LOW HITPOINT WARNING * * *
You die...
Your body crumbles into a pile of gold.

._..##.....##.#...#.##.....##.._.
.....##.....###._.###.....##.....
########.....##...##.....########
.......##.....##.##.....##.......
....._..##.....###.....##.._.....
.........##.....#.....##.........
############.........############
...........##....o..##...........
........._..##..@..##.._.........
...........##....K..##...........
############.........############
.........##.....#.....##.........
....._..##.....###.....##.._.....
.......##.....##.##.....##.......
########.....##...##.....########
.....##.....###._.###.....##.....
._..##.....##.#...#.##.....##.._.


You could see an orc and a kobold.

Vanquished Creatures
  6 gnolls
  2 adders (D:2)
  An ufetubus (D:4)
  A worm (D:2)
  2 dart slugs
  4 endoplasms
  2 giant cockroaches (D:2)
  2 goblins
  5 hobgoblins
  4 jackals (D:1)
  A quokka (D:1)
  6 ball pythons
  3 bats (D:1)
  5 frilled lizards
  5 kobolds
  10 rats
59 creatures vanquished.

Vanquished Creatures (others)
  2 plants (D:4)
2 creatures vanquished.

Grand Total: 61 creatures vanquished

Notes
Turn   | Place    | Note
-------+----------+-------------------------------------------
     0 | D:1      | Zonian the Demonspawn Ice Elementalist began the quest for
                  | the Orb.
     0 | D:1      | Reached XP level 1. HP: 13/13 MP: 3/3
   144 | D:1      | Gained mutation: You regenerate a little health from kills.
                  | [demonic ancestry]
   144 | D:1      | Reached XP level 2. HP: 19/19 MP: 5/5
   405 | D:1      | Found a faded altar of an unknown god.
   873 | D:1      | Gained mutation: You have sharp fingernails. [demonic
                  | ancestry]
   873 | D:1      | Reached XP level 3. HP: 22/24 MP: 4/6
  1632 | D:2      | Reached skill level 4 in Ice Magic
  1659 | D:2      | Reached XP level 4. HP: 27/30 MP: 5/8
  3425 | D:3      | You fall into a shaft and drop 2 floors!
  3425 | D:5      | Entered Level 5 of the Dungeon
  3473 | D:4      | Reached XP level 5. HP: 10/35 MP: 4/9
  3473 | D:4      | Found a staircase to the Ecumenical Temple.
  3480 | Temple   | Entered the Ecumenical Temple
  4327 | Temple   | Became a worshipper of Gozag Ym Sagoz the Greedy
  4366 | D:4      | Identified the +9 rapier "Jivofeer" {vorpal, Dex+4 Stlth+}
  4792 | Temple   | Gained mutation: Armour fits poorly on your strangely
                  | shaped body. [potion of mutation]
  4792 | Temple   | HP: 1/35 [kobold/the +9 rapier "Jivofeer" {vorpal, Dex+4
                  | Stlth+} (6)]
  4792 | Temple   | Slain by a kobold

Illustrated notes

Levels and vault maps discovered:
D:1:      wander_arrival_abandoned_jail, layout_basic,
          ebering_ecumenical_altar_petrified, st_stairs_8,
          hangedman_glass_garden
D:2:      layout_loops_cross, kennysheep_another_room
D:3:      layout_rooms, serial_curves, eino_curves_02, eino_curves_03,
          eino_curves_04, eino_curves_03, dk_noncrumbling_2,
          minmay_misc_feat_roman, kennysheep_generic_room_9
D:4:      layout_rooms, lemuel_doored_altar, minmay_temple_entry_gardened_gates,
          minivault_1
D:5:      layout_cave_pools, nicolae_uskayaw_dance_hall,
          minmay_a_box_with_orc_wizards_in_it
Temple:   mainiacjoe_temple_big_plus

Skill      XL: |  1  2  3  4 |
---------------+-------------+-----
Stealth        | 2 |  2.9
Dodging        | 2 |  2.7
Ice Magic      | 4 |  4.2
Spellcasting   | 3 |  3.0

Action                   |  1- 3 |  4- 6 || total
-------------------------+-------+-------++-------
Melee: Trident           |    52 |       ||    52
       Short sword       |    51 |    33 ||    84
 Cast: Freeze            |    20 |    30 ||    50
  Use: Scroll            |       |     6 ||     6
       Potion            |       |     2 ||     2
 Stab: Sleeping          |     5 |     2 ||     7
Armor: Robe              |    35 |    15 ||    50
Dodge: Dodged            |    66 |    42 ||   108
